Map: [ESL] Waterfall

Players

Rex

  • Race: Zerg Zerg
  • Spawn Location: 7:00

Has - Winner!

  • Race: Protoss Protoss
  • Spawn Location: 1:00

Event: DreamHack SC2 Masters 2022 Atlanta (Online)

VOD

Have the link to the VOD?

Description

Time

  • Played on: Sept. 29, 2022, 7:52 a.m.
  • Length: 8:48

All games in this series

Show
View Real Time Build Order
Export as new Build Order

Rex Zerg 

Build Orders: Hatch First 

Get SALT Encoding   

  12  0:00  Drone  
  13  0:12  Overlord  
  13  0:17  Drone  
  14  0:31  Drone x2  
  16  0:48  Hatchery  
  15  0:52  Drone  
  15  0:55  Drone  
  17  0:58  Drone  
  18  1:08  Extractor  
  17  1:14  Spawning Pool  
  17  1:17  Drone  
  17  1:20  Drone  
  18  1:28  Drone  
  19  1:39  Drone  
  20  1:51  Overlord  
  20  2:01  Zergling x2, Queen x2  
  22  2:02  Zergling x2  
  22  2:08  Metabolic Boost  
  26  2:11  Drone  
  26  2:13  Drone  
  28  2:21  Drone x2  
  30  2:36  Hatchery  
  29  2:42  Queen  
  31  2:45  Drone  
  31  2:47  Drone  
  31  2:51  Overlord  
  33  2:55  Zergling x4  
  35  2:59  Drone  
  35  3:05  Overlord  
  36  3:08  Queen  
  36  3:12  Drone x2  
  40  3:15  Drone  
  41  3:22  Drone  
  41  3:23  Drone x2  
  44  3:28  Drone  
  44  3:30  Drone  
  46  3:34  Queen  
  46  3:37  Drone  
  46  3:40  Overlord  
  49  3:43  Roach Warren  
  49  3:48  Drone x2  
  49  3:52  Drone x3  
  53  3:56  Drone  
  53  4:00  Overlord  
  53  4:02  Overlord  
  54  4:04  Drone  
  55  4:11  Overlord  
  55  4:12  Overlord  
  55  4:13  Drone  
  56  4:19  Lair  
  56  4:21  Overlord  
  57  4:24  Drone x4  
  57  4:28  Drone x3  
  57  4:31  Zergling x4  
  65  4:36  Zergling x6  
  68  4:44  Drone  
  68  4:45  Drone x2  
  71  4:47  Extractor x3, Overlord  
  68  4:53  Roach  
  68  4:54  Roach x3  
  68  4:58  Overlord  
  75  5:09  Drone x3  
  75  5:12  Drone, Extractor  
  75  5:13  Drone x4  
  84  5:14  Roach  
  84  5:18  Baneling Nest  
  84  5:20  Glial Reconstitution  
  83  5:22  Roach  
  83  5:23  Zergling x6  
  88  5:30  Spine Crawler  
  88  5:31  Roach x3  
  88  5:33  Zergling x2  
  94  5:36  Zergling x2, Roach  
  94  5:41  Zergling x2, Roach x2  
  102  5:47  Roach x2  
  106  5:55  Roach  
  108  5:59  Queen x2  
  108  6:00  Roach  
  108  6:01  Roach  
  112  6:05  Overseer  
  112  6:08  Drone x2  
  112  6:09  Baneling x6  
  108  6:15  Drone  
  108  6:16  Drone x2  
  105  6:23  Drone  
  105  6:25  Drone  
  100  6:33  Drone x2  
  100  6:35  Baneling  
  99  6:40  Roach  
  98  6:50  Roach x2  
  98  6:52  Roach  
  103  6:56  Spore Crawler, Overseer  
  97  7:04  Roach x3  
  97  7:08  Baneling x2  
  103  7:11  Roach  
  103  7:14  Roach  
  107  7:16  Baneling  
  107  7:21  Roach  
  109  7:26  Roach  
  103  7:34  Roach  
  86  7:38  Zergling x2, Drone x3, Roach x3  
  86  7:40  Drone  
  86  7:43  Roach  
  75  7:52  Roach  
  75  7:53  Zergling x2  
  70  8:00  Zergling x2  
  65  8:07  Roach  
  62  8:13  Drone  
  62  8:14  Drone x2  
  62  8:16  Drone  
  62  8:19  Drone  
  61  8:22  Drone  
  61  8:26  Drone  
Show
View Real Time Build Order
Export as new Build Order

Has Protoss - Winner!

Build Orders: 1 Gate Expand 

Get SALT Encoding   

  12  0:00  Probe  
  13  0:12  Probe  
  14  0:18  Pylon  
  14  0:24  Probe (Chrono Boost)  
  15  0:31  Assimilator  
  15  0:37  Probe (Chrono Boost)  
  16  0:43  Gateway  
  16  0:46  Probe (Chrono Boost)  
  17  0:55  Probe  
  18  1:07  Probe  
  19  1:19  Probe  
  19  1:25  Nexus  
  20  1:35  Cybernetics Core  
  20  1:37  Probe  
  21  1:44  Assimilator  
  21  1:50  Pylon  
  21  1:52  Probe  
  22  2:04  Probe  
  23  2:11  Warp Gate  
  23  2:14  Adept (Chrono Boost)  
  25  2:17  Probe (Chrono Boost)  
  25  2:20  Robotics Facility  
  26  2:27  Probe (Chrono Boost)  
  27  2:33  Probe (Chrono Boost)  
  28  2:37  Probe (Chrono Boost), Stalker (Chrono Boost)  
  32  2:48  Probe x2 (Chrono Boost)  
  33  2:52  Forge  
  33  2:55  Probe x2  
  35  3:06  Gateway  
  35  3:08  Observer (Chrono Boost)  
  36  3:14  Twilight Council  
  36  3:24  Probe  
  36  3:26  Warp Prism (Chrono Boost)  
  37  3:32  Pylon  
  37  3:36  Probe  
  37  3:37  Probe  
  37  3:38  Protoss Ground Weapons Level 1  
  39  3:52  Probe x2  
  34  3:55  Charge  
  41  3:59  Pylon  
  41  4:04  Zealot x2, Probe  
  50  4:19  Gateway  
  50  4:20  Gateway  
  50  4:22  Gateway  
  50  4:24  Observer, Gateway  
  46  4:25  Dark Shrine  
  46  4:29  Probe x2  
  48  4:40  Pylon  
  48  4:43  Gateway x2  
  48  4:50  Zealot x2  
  52  4:56  Immortal (Chrono Boost)  
  52  4:57  Observer  
  56  5:12  Pylon  
  56  5:13  Probe x2  
  58  5:14  Pylon  
  58  5:23  Pylon  
  58  5:30  Zealot x6  
  70  5:46  Dark Templar  
  70  5:47  Dark Templar  
  74  5:50  Zealot x4  
  74  5:54  Dark Templar  
  82  6:01  Probe  
  82  6:02  Probe  
  80  6:13  Immortal (Chrono Boost)  
  72  6:40  Zealot  
  72  6:41  Zealot x6  
  72  6:44  Pylon  
  72  6:45  Pylon  
  72  6:46  Pylon  
  84  7:05  Zealot  
  84  7:06  Zealot x7  
  100  7:20  Pylon x2  
  98  7:34  Zealot x5  
  98  7:35  Zealot x3  
  88  7:57  Zealot x4  
  88  7:58  Zealot x4  
  102  8:00  Robotics Bay  
  86  8:18  Zealot  
  86  8:19  Zealot x6  
  90  8:38  Dark Templar x2  
  90  8:39  Zealot, Dark Templar x2  
  90  8:40  Zealot  
  92  8:44  Zealot  
Tags
 
Add a new tag
Caveats
  • Supply blocks, unpowered buildings, or Contaminate may cause inaccurate times.
  • Supply counts are checked every 10 seconds.